 Dungeon Crawl Stone Soup version 0.25.1-2-g60ff931df9 (webtiles) character file.

Game seed: 15443797448680199104

5647 lepoulpe303 the Grappler (level 10, -3/78 HPs)
             Began as a Troll Fighter on Sept 22, 2020.
             Was a Priest of Hepliaklqana.
             Slain by a hornet (9 damage)
             ... on level 8 of the Dungeon.
             The game lasted 00:18:59 (6259 turns).

lepoulpe303 the Grappler (Troll Fighter)            Turns: 6259, Time: 00:18:59

Health: -3/78      AC:  9    Str: 25 (28) XL:     10   Next: 46%
Magic:  13/13      EV: 13    Int:  1 (4)  God:    Hepliaklqana [***...]
Gold:   367        SH:  0    Dex: 14 (16) Spells: 9/9 levels left

rFire    + . .     SeeInvis .     - Unarmed
rCold    + . .     Gourm    +   (no shield)
rNeg     . . .     Faith    .   a - +0 robe
rPois    +         Spirit   .   (helmet restricted)
rElec    +         Reflect  .   H - +0 cloak
rCorr    +         Harm     .   (gloves unavailable)
MR       .....                  (boots unavailable)
Stlth    ++........             (no amulet)
HPRegen  0.63/turn              s - ring of stealth {Stlth+}
MPRegen  0.13/turn              r - +6 ring of dexterity

@: lethally poisoned (-3 -> -5), resistant, slowed, studying Throwing, very slow
A: large, unfitting armour, reduced essence, claws 3, thin metallic scales 1,
fast metabolism 3, frail 1, gourmand, regeneration 1, shaggy fur 1, tough skin 3
a: Recall Ancestor, Ancestor Identity, Transference, Renounce Religion


You were on level 8 of the Dungeon.
You worshipped Hepliaklqana.
Hepliaklqana was most pleased with you.
You were very full.

You visited 1 branch of the dungeon, and saw 8 of its levels.

You collected 409 gold pieces.
You spent 42 gold pieces at shops.

Inventory:

Missiles
 h - 28 poisoned darts
 t - 2 throwing nets {=f}
 Q - 245 stones (quivered)
Armour
 a - a +0 robe (worn)
 b - a +0 kite shield
 H - a +0 cloak (worn)
Jewellery
 r - a +6 ring of dexterity (right claw)
 s - a ring of stealth (left claw) {Stlth+}
 I - an uncursed ring of stealth {Stlth+}
Wands
 g - a wand of polymorph (4)
 p - a wand of iceblast (11)
 C - a wand of flame (21)
 D - a wand of digging (7)
 E - a wand of clouds (6)
Scrolls
 i - 7 scrolls of identify
 k - a scroll of enchant weapon {unknown}
 m - 2 scrolls of fear {unknown}
 u - 2 scrolls of blinking {unknown}
 v - 2 scrolls of random uselessness {unknown}
 w - a scroll of enchant armour {unknown}
 z - 3 scrolls of remove curse {unknown}
 A - 2 scrolls of teleportation {unknown}
 F - a scroll of fog {unknown}
 K - 4 scrolls of amnesia
 L - a scroll of noise {unknown}
 M - a scroll of torment {unknown}
Potions
 d - 4 potions of might
 e - a potion of degeneration {!q}
 f - a potion of stabbing {unknown}
 j - a potion of lignification {unknown}
 l - 2 potions of heal wounds
 n - a potion of resistance
 o - a potion of cancellation {unknown}
 y - a potion of mutation {!q}
 B - a potion of haste {unknown}
 G - a potion of flight {unknown}
Books
 x - a manual of Throwing {!d}
Comestibles
 c - 12 rations
 J - 5 chunks of flesh


   Skills:
 + Level 5.8 Fighting
 + Level 7.1 Throwing
 + Level 5.8 Dodging
 - Level 2.4 Shields
 * Level 9.2 Unarmed Combat
 * Level 6.3 Invocations


You had 9 spell levels left.
You didn't know any spells.
Your spell library contained the following spells:

 Spells                   Type           Power        Failure   Level  Hunger
 Summon Small Mammal      Summ           #...         56%         1    ##.....
 Call Imp                 Summ           #.......     71%         2    ###....
 Call Canine Familiar     Summ           #.......     91%         3    ####...
 Summon Guardian Golem    Hex/Summ       #.......     91%         3    ####...
 Summon Ice Beast         Ice/Summ       #.......     100%        4    #####..
 Summon Lightning Spire   Summ/Air       #.......     100%        4    #####..


Dungeon Overview and Level Annotations

Branches:
Dungeon (8/15)             Temple (0/1) D:5
   Lair: D:8-11

Altars:
Ashenzari
Dithmenos
Elyvilon
Gozag
Hepliaklqana
Makhleb
Qazlal
Trog
Xom
Yredelemnul

Shops:
D:6 !   D:8 [

Annotations:
D:7 Joseph
D:8 Erica


Innate Abilities, Weirdness & Mutations

You are too large for most types of armour.
You have claws for hands.
Your metabolism is lightning-fast.
You like to eat raw meat.
Your natural rate of healing is unusually fast.
You are covered in fur. (AC +1)
You have extremely tough skin. (AC +3)
Your life essence is reduced to manifest your ancestor. (-10% HP)
You are partially covered in thin metallic scales. (AC +2)
You are frail. (-10% HP)


Message History

* * * LOW HITPOINT WARNING * * *
You are more poisoned.
You feel as though you will be slow longer.
You take 17 damage, and have 20/88 hp.
It was a potion of resistance.
You feel protected.
n - a potion of resistance;
j - a metallic silvery potion You feel sick.
The hornet stings you.
* * * LOW HITPOINT WARNING * * *
The leopard gecko bites you but does no damage.
The hornet stings you.
* * * LOW HITPOINT WARNING * * *
You feel as though you will be slow longer.
The leopard gecko closely misses you.
You take 12 damage, and have 8/88 hp.
It was a potion of mutation.
You feel extremely strange.
You feel frail.
Thin metallic scales grow over part of your body.
You feel sick. The hornet stings you!
You die...

#####.Z.......##.###.......######
#88.88....##.#.......##......
#8#+#8.S..##.#.##>..###.#####
#..+_'.....##.#.#......#.#...
#.8#)#8.#####Z#....#...#.#..
#.88.88.# #S#....#...#.#.###
#.......# #@#..#.#...#.#...<
##......# #y#...∩.........#.
......## #@#.##.##.##.>....
.......#..[!l.#...............
#....(..#......####..#.........
#......( ......##......
#.......###.##.##.##### #....#...
#.##..... #....#.## #.#######.
#....#..


You could see Erica, a hornet, an adder, a leopard gecko and a hound skeleton.

Levels and vault maps discovered:
D:1:      psy_arrival_conway, layout_basic, minmay_misc_feat_chi
D:2:      layout_rooms, lemuel_round_altar, uniq_sigmund
D:3:      layout_loops_ring, chequers_temple_overflow_minitemple, nrook_uturn,
          uniq_grinder, uniq_ijyb
D:4:      layout_basic, minmay_manual_mail, uniq_duvessa, uniq_menkaure
D:5:      layout_basic, marbit_many_paths, minmay_temple_entry_glass,
          first_ration, uniq_blork_the_orc, uniq_pikel
D:6:      layout_loops_cross, serial_shops, shop, uniq_edmund, uniq_eustachio
D:7:      layout_cave_pods, lightli_temple_of_fire, st_stairs_8, uniq_joseph
D:8:      layout_basic, kennysheep_mini_moat, kennysheep_little_box,
          serial_shops, nicolae_shop_crystal, uniq_maurice, uniq_erica

Notes
Turn   | Place    | Note
-------+----------+-------------------------------------------
     0 | D:1      | lepoulpe303 the Troll Fighter began the quest for the Orb.
     0 | D:1      | Reached XP level 1. HP: 22/22 MP: 0/0
    44 | D:1      | Identified a +0 club
    86 | D:1      | Identified a +0 club
   115 | D:1      | Reached XP level 2. HP: 29/29 MP: 1/1
   171 | D:1      | Identified a +0 whip
   317 | D:1      | Reached XP level 3. HP: 36/36 MP: 2/2
   516 | D:1      | Identified a +0 club
   519 | D:1      | Reached skill level 1 in Throwing
   604 | D:1      | Identified a +0 short sword
   838 | D:2      | Identified a +0 scythe
   838 | D:2      | Identified a +0 robe
   838 | D:2      | Noticed Sigmund
  1043 | D:2      | Found a white marble altar of Elyvilon.
  1053 | D:2      | Reached skill level 3 in Unarmed Combat
  1171 | D:2      | Identified 2 scrolls of amnesia
  1189 | D:2      | Killed Sigmund
  1189 | D:2      | Reached skill level 3 in Fighting
  1189 | D:2      | Reached skill level 2 in Throwing
  1189 | D:2      | Reached skill level 3 in Dodging
  1189 | D:2      | Reached skill level 4 in Unarmed Combat
  1189 | D:2      | Reached XP level 4. HP: 33/45 MP: 3/3
  1189 | D:2      | Reached XP level 5. HP: 39/53 MP: 4/4
  1214 | D:3      | Identified a +2 mace of protection
  1258 | D:3      | Identified a +0 dagger
  1265 | D:3      | Identified a +0 hand axe
  1265 | D:3      | Identified a +0 leather armour
  1265 | D:3      | Identified a +0 dagger of venom
  1265 | D:3      | Identified a +0 robe
  1265 | D:3      | Identified a +0 short sword
  1265 | D:3      | Identified a +0 mace
  1265 | D:3      | Identified a +0 leather armour
  1284 | D:3      | Reached XP level 6. HP: 42/61 MP: 5/5
  1348 | D:3      | Identified a +0 hand axe
  1369 | D:3      | Identified a +0 dagger
  1369 | D:3      | Identified a +0 robe
  1369 | D:3      | Identified a +0 dagger
  1372 | D:3      | Identified a +0 mace
  1372 | D:3      | Identified a +0 ring mail
  1373 | D:3      | Identified a +0 whip
  1376 | D:3      | Noticed Grinder
  1385 | D:3      | Identified a +0 club
  1567 | D:3      | Killed Grinder
  1567 | D:3      | Reached skill level 5 in Unarmed Combat
  1567 | D:3      | Reached XP level 7. HP: 68/68 MP: 6/6
  1732 | D:3      | Identified a +0 whip
  1760 | D:3      | Identified a +0 spear
  1760 | D:3      | Identified a +0 flail
  1763 | D:3      | Identified a +0 club
  1878 | D:3      | Identified a +0 dagger
  1883 | D:3      | Identified a +0 dagger
  1885 | D:3      | Identified a +0 ring mail
  1886 | D:3      | Identified a +0 flail
  1887 | D:3      | Identified a +0 morningstar
  1887 | D:3      | Identified a +0 ring mail
  1896 | D:3      | Identified a +0 leather armour
  1974 | D:3      | Identified a +0 hand axe
  1974 | D:3      | Identified a +0 leather armour
  1997 | D:3      | Identified a +0 club
  2098 | D:3      | Reached skill level 3 in Throwing
  2172 | D:3      | Identified a +0 club
  2172 | D:3      | Identified a +0 ring mail of fire resistance
  2172 | D:3      | Noticed Ijyb
  2279 | D:3      | Identified a +3 whip
  2397 | D:3      | Identified a +0 hand axe
  2397 | D:3      | Identified a +0 chain mail
  2422 | D:3      | Found a shimmering altar of Xom.
  2422 | D:3      | Found a shattered altar of Ashenzari.
  2428 | D:3      | Found an opulent altar of Gozag.
  2430 | D:3      | Found a hazy altar of Hepliaklqana.
  2432 | D:3      | Found a bloodstained altar of Trog.
  2630 | D:3      | Killed Ijyb
  2630 | D:3      | Reached skill level 4 in Fighting
  2681 | D:3      | Identified 2 scrolls of identify
  2681 | D:3      | Identified a ring of stealth (You found it on level 3 of
                  | the Dungeon)
  2683 | D:3      | Identified a ring of dexterity (You found it on level 3 of
                  | the Dungeon)
  2688 | D:3      | Identified a +0 whip
  2701 | D:3      | Became a worshipper of Hepliaklqana the Forgotten
  2739 | D:4      | Identified a +0 giant spiked club
  2746 | D:4      | Reached skill level 4 in Dodging
  2746 | D:4      | Identified a +0 giant club
  2753 | D:4      | Reached skill level 1 in Invocations
  2891 | D:4      | Identified a +0 dagger
  2891 | D:4      | Identified a +0 robe
  2895 | D:4      | Reached skill level 6 in Unarmed Combat
  2896 | D:4      | Reached XP level 8. HP: 67/70 MP: 6/8
  2969 | D:4      | Reached * piety under Hepliaklqana
  2996 | D:4      | Noticed Menkaure
  3175 | D:4      | Identified a +0 short sword
  3175 | D:4      | Identified a +0 ring mail
  3175 | D:4      | Noticed Duvessa
  3178 | D:4      | Identified a +0 dagger of electrocution
  3178 | D:4      | Identified a +0 robe
  3178 | D:4      | Noticed Dowan
  3184 | D:4      | Killed Dowan
  3192 | D:4      | Killed Duvessa
  3192 | D:4      | Reached skill level 2 in Invocations
  3498 | D:4      | Identified a +0 giant club
  3505 | D:4      | Killed Menkaure
  3505 | D:4      | Reached skill level 4 in Throwing
  3540 | D:5      | Entered Level 5 of the Dungeon
  3554 | D:5      | Found a staircase to the Ecumenical Temple.
  3586 | D:5      | Identified a +0 shortbow
  3610 | D:5      | Reached skill level 3 in Invocations
  3633 | D:5      | Identified a +0 shortbow
  3679 | D:5      | Identified a +2 whip of flaming
  3679 | D:5      | Identified a +0 robe
  3679 | D:5      | Noticed Pikel
  3696 | D:5      | HP: 17/71 [Pikel/+2 whip of flaming (1)]
  3697 | D:5      | HP: 7/71 [Pikel/+2 whip of flaming (3)]
  3699 | D:5      | Killed Pikel
  3699 | D:5      | Reached skill level 5 in Throwing
  3699 | D:5      | Reached skill level 7 in Unarmed Combat
  3699 | D:5      | Reached XP level 9. HP: 7/76 MP: 10/10
  3944 | D:5      | Reached skill level 4 in Invocations
  3978 | D:5      | Identified a +0 battleaxe
  3978 | D:5      | Identified a +0 robe
  3978 | D:5      | Noticed Blork the orc
  3999 | D:5      | Killed Blork the orc
  4071 | D:5      | Identified a +0 giant club
  4158 | D:5      | Found a shadowy altar of Dithmenos.
  4263 | D:6      | Identified a +0 ring mail
  4264 | D:6      | Identified a +0 trident
  4264 | D:6      | Identified a cursed +0 chain mail
  4264 | D:6      | Identified a +0 leather armour
  4269 | D:6      | Identified a +0 flail
  4269 | D:6      | Identified a +0 leather armour
  4275 | D:6      | Reached skill level 5 in Dodging
  4285 | D:6      | Reached skill level 5 in Fighting
  4407 | D:6      | Identified a +0 leather armour
  4410 | D:6      | Identified a +3 mace
  4410 | D:6      | Identified a +0 chain mail
  4417 | D:6      | Identified a +0 flail
  4417 | D:6      | Identified a +0 chain mail
  4419 | D:6      | Identified a +0 dagger
  4419 | D:6      | Identified a +0 robe
  4420 | D:6      | Reached skill level 8 in Unarmed Combat
  4424 | D:6      | Identified a +2 leather armour of magic resistance
  4471 | D:6      | Reached ** piety under Hepliaklqana
  4473 | D:6      | Remembered your ancestor Xochipepe as a hexer
  4473 | D:6      | Identified a +0 dagger of draining
  4482 | D:6      | Found Cemuoro's Distillery.
  4482 | D:6      | Identified a +0 dagger
  4482 | D:6      | Identified a +0 robe
  4482 | D:6      | Identified a +0 short sword
  4482 | D:6      | Identified a +0 dagger
  4482 | D:6      | Identified a +0 leather armour
  4482 | D:6      | Identified a +0 hand axe
  4482 | D:6      | Identified a +0 leather armour
  4484 | D:6      | Identified a +0 leather armour
  4508 | D:6      | Bought a potion of curing for 42 gold pieces
  4672 | D:6      | Reached skill level 6 in Throwing
  4672 | D:6      | Reached skill level 5 in Invocations
  4716 | D:6      | Identified a +0 cloak (You found it on level 6 of the
                  | Dungeon)
  4745 | D:6      | Identified a +0 rapier
  4745 | D:6      | Identified a +0 leather armour
  4745 | D:6      | Noticed Eustachio
  4750 | D:6      | Killed Eustachio
  4760 | D:6      | Identified a +8 flail of protection
  4760 | D:6      | Identified a +0 leather armour
  4760 | D:6      | Noticed Edmund
  4789 | D:6      | Identified a +0 dire flail
  4789 | D:6      | Identified a +0 plate armour
  4789 | D:6      | Identified a +0 flail
  4792 | D:6      | Identified a +0 dagger
  4792 | D:6      | Identified a +0 robe
  4794 | D:6      | Identified a +0 short sword
  5124 | D:6      | Killed Edmund
  5176 | D:7      | Reached XP level 10. HP: 86/86 MP: 13/13
  5249 | D:7      | Identified a +0 club
  5249 | D:7      | Identified a +0 dagger
  5252 | D:7      | Identified a +0 hand crossbow
  5379 | D:7      | Identified a +0 dagger
  5379 | D:7      | Identified a +0 robe
  5380 | D:7      | Identified a +0 dagger
  5380 | D:7      | Identified a +0 robe
  5381 | D:7      | Identified a +0 dagger
  5408 | D:7      | Identified a +0 quarterstaff
  5408 | D:7      | Identified a +0 hunting sling
  5408 | D:7      | Identified a +0 leather armour
  5408 | D:7      | Noticed Joseph
  5617 | D:7      | Paralysed by a hornet for 3 turns
  5727 | D:7      | Identified a +0 shortbow
  5744 | D:7      | Identified a +0 giant club
  5890 | D:7      | Found a burning altar of Makhleb.
  5893 | D:7      | Reached skill level 6 in Invocations
  6082 | D:8      | Found a stormy altar of Qazlal.
  6082 | D:8      | Identified a +0 whip
  6082 | D:8      | Identified a +0 whip
  6082 | D:8      | Identified a +0 dagger
  6096 | D:8      | Reached skill level 9 in Unarmed Combat
  6120 | D:8      | Found Juicvan's Armour Boutique.
  6131 | D:8      | Reached skill level 7 in Throwing
  6212 | D:8      | Found a basalt altar of Yredelemnul.
  6215 | D:8      | Identified a +0 dagger
  6215 | D:8      | Identified a +0 cloak
  6215 | D:8      | Noticed Maurice
  6215 | D:8      | Identified a +0 scimitar of flaming
  6215 | D:8      | Identified a +0 robe
  6215 | D:8      | Noticed Erica
  6219 | D:8      | Killed Maurice
  6231 | D:8      | HP: 20/88 [something (5)]
  6246 | D:8      | Identified a +0 shortbow
  6251 | D:8      | Reached *** piety under Hepliaklqana
  6252 | D:8      | HP: 18/88 [hornet (9)]
  6253 | D:8      | HP: 7/88 [hornet (11)]
  6256 | D:8      | Identified 3 potions of heal wounds
  6257 | D:8      | Identified 2 potions of degeneration
  6258 | D:8      | Identified 2 potions of resistance
  6258 | D:8      | HP: 19/88 [poisoned by a hornet]
  6258 | D:8      | HP: 8/88 [hornet (5)]
  6259 | D:8      | Identified 2 potions of mutation
  6259 | D:8      | Gained mutation: You are frail. (-10% HP) [potion of
                  | mutation]
  6259 | D:8      | Gained mutation: You are partially covered in thin metallic
                  | scales. (AC +2) [potion of mutation]
  6259 | D:8      | Slain by a hornet

Table legend:
 A = Turns spent in this place as a percentage of turns spent in the entire game.
 B = Non-inter-level travel turns spent in this place as a percentage of non-inter-level travel turns spent in the entire game.
 C = Inter-level travel turns spent in this place as a percentage of turns spent in this place.
 D = Turns resting spent in this place as a percentage of non-inter-level travel turns spent in this place.
 E = Turns spent auto-exploring this place as a percentage of non-inter-level travel turns spent in this place.
 F = Non-inter-level travel turns spent in this place divided by the number of levels of this place that you've seen.
                   A       B       C       D       E      F
               +-------+-------+-------+-------+-------+----------------------
         Total | 100.0 | 100.0 |   3.5 |   6.1 |  69.9 | 755.1
       Dungeon | 100.0 | 100.0 |   3.5 |   6.1 |  69.9 | 755.1
               +-------+-------+-------+-------+-------+----------------------

Table legend:
 A = Kills in this place as a percentage of kills in entire the game.
 B = Kills by you in this place as a percentage of kills by you in the entire game.
 C = Kills by friends in this place as a percentage of kills by friends in the entire game.
 D = Other kills in this place as a percentage of other kills in the entire game.
 E = Experience gained in this place as a percentage of experience gained in the entire game.
 F = Experience gained in this place divided by the number of levels of this place that you have seen.
                   A       B       C       D       E      F
               +-------+-------+-------+-------+-------+----------------------
         Total | 100.0 | 100.0 | 100.0 |   N/A | 100.0 | 1008.5
       Dungeon | 100.0 | 100.0 | 100.0 |   N/A | 100.0 | 1008.5
               +-------+-------+-------+-------+-------+----------------------

Skill      XL: |  1  2  3  4  5  6  7  8  9 10 |
---------------+-------------------------------+-----
Throwing       | 2 3 5 6 7 |  7.1
Unarmed Combat | 4 5 6 7 8 9 |  9.2
Fighting       | 3 4 5 |  5.8
Dodging        | 3 4 5 |  5.8
Invocations    | 1 3 5 6 |  6.3
Shields        | |  2.4

Action                   |  1- 3 |  4- 6 |  7- 9 | 10-12 || total
-------------------------+-------+-------+-------+-------++-------
Melee: Unarmed           |   106 |    48 |   262 |    85 ||   501
       Punch             |       |       |    11 |     3 ||    14
Throw: Stone             |    58 |    46 |   133 |    47 ||   284
       Dart              |     4 |     7 |    28 |       ||    39
Invok: Ancestor Life: He |       |       |     1 |       ||     1
  Use: Scroll            |     1 |       |     2 |       ||     3
       Potion            |       |       |       |     6 ||     6
 Stab: Sleeping          |       |       |     6 |     2 ||     8
       Distracted        |       |       |     1 |       ||     1
       Confused          |       |       |       |     3 ||     3
  Eat: Chunk             |    16 |     4 |    32 |    10 ||    62
Armor: Robe              |    57 |    19 |    47 |    18 ||   141
Dodge: Dodged            |    56 |    16 |   119 |    37 ||   228

Vanquished Creatures
  A hornet (D:7)
  Grinder (D:3)
  Sigmund (D:2)
  Eustachio (D:6)
  Menkaure (D:4)
  Edmund (D:6)
  Duvessa (D:4)
  A water moccasin (D:8)
  3 ice beasts
  4 orc warriors (D:6)
  A slave (D:5)
  2 sky beasts
  5 ogres
  2 phantoms (D:7)
  4 centaurs
  A big kobold (D:7)
  3 bullfrogs
  Dowan (D:4)
  2 scorpions
  4 howler monkeys
  4 crimson imps
  A centaur zombie (D:7)
  A centaur skeleton (D:5)
  A hound (D:6)
  8 orc wizards
  7 orc priests
  3 jellies
  4 iguanas
  Ijyb (D:3)
  2 worker ants
  4 gnolls (D:3)
  8 adders
  3 shadow imps
  An adder zombie (D:6)
  An adder skeleton (D:6)
  2 worms
  5 dart slugs
  4 leopard geckos
  29 orcs
  A ball python (D:3)
  8 giant cockroaches
  6 goblins
  5 hobgoblins
  8 jackals
  13 kobolds
  A quokka (D:2)
  10 bats
  5 frilled lizards
  3 rats
189 creatures vanquished.

Vanquished Creatures (collateral kills)
  Pikel (D:5)
  Maurice (D:8)
  Blork the orc (D:5)
  A bullfrog (D:8)
  A howler monkey (D:6)
  An adder (D:6)
  An ooze (D:6)
  An orc (D:6)
  2 jackals (D:7)
  A quokka (D:5)
  2 kobolds (D:7)
13 creatures vanquished.

Vanquished Creatures (others)
  A hexer (D:8)
  An adder (D:5)
  An ancestor (D:5)
  An orc (D:5)
4 creatures vanquished.

Grand Total: 206 creatures vanquished
